 Dungeon Crawl Stone Soup version 0.28.0-1-gb440e238dd (webtiles) character file.

Game seed: 7874132464907460088

114 hikkokomori the Digger (level 4, -4/24 HPs)
             Began as a Gargoyle Earth Elementalist on Feb 26, 2022.
             Slain by a gnoll shaman (5 damage)
             ... on level 5 of the Dungeon.
             The game lasted 00:04:05 (2794 turns).

hikkokomori the Digger (GrEE)                       Turns: 2794, Time: 00:04:05

Health: -4/24      AC: 11    Str: 13    XL:     4   Next: 98%
Magic:  4/9        EV:  9    Int: 16    God:
Gold:   136        SH:  0    Dex: 10    Spells: 9/10 levels left

rFire   . . .      SeeInvis .   a - +0 hand axe
rCold   . . .      Faith    .   (no shield)
rNeg    + . .      Spirit   .   n - +2 scale mail {Will+}
rPois   ∞          Reflect  .   (no helmet)
rElec   +          Harm     .   (no cloak)
rCorr   .          Rampage  .   (no gloves)
Will    +....                   (no boots)
Stlth   ..........              (no amulet)
HPRegen 0.08/turn               (no ring)
MPRegen 0.11/turn               (no ring)

@: brilliant
A: sickness immunity, AC +3, negative energy resistance 1, electricity
resistance, torment resistance 1, petrification resistance
a: no special abilities


You were on level 5 of the Dungeon.
You visited 1 branch of the dungeon, and saw 4 of its levels.

You collected 136 gold pieces.

Inventory:

Hand Weapons
 a - a +0 hand axe (weapon)
 m - a +0 vampiric dagger
 o - a +1 flail of holy wrath
Armour
 b - a +0 robe
 n - a +2 scale mail of willpower (worn)
Scrolls
 e - a scroll of fear {unknown}
 g - 2 scrolls of identify {unknown}
 h - 3 scrolls of holy word {unknown}
 i - 2 scrolls of immolation {unknown}
 k - a scroll of teleportation {unknown}
Potions
 d - a potion of heal wounds {unknown}
 f - 2 potions of brilliance
 j - a potion of attraction {unknown}
 l - a potion of cancellation {unknown}


   Skills:
 - Level 1.5 Dodging
 - Level 2.1 Stealth
 + Level 3.5 Spellcasting
 - Level 0.7 Transmutations
 + Level 5.3 Earth Magic


You had 9 spell levels left.
You knew the following spells:

 Your Spells              Type           Power      Damage    Failure   Level
a - Sandblast             Erth           58%        2d13      10%         1

Your spell library contained the following spells:

 Spells                   Type           Power      Damage    Failure   Level
 Passwall                 Tmut/Erth      15%        N/A       36%         2
 Stone Arrow              Conj/Erth      34%        3d9       65%         3
 Gell's Gravitas          Tloc           4%         N/A       95%         3
 Lesser Beckoning         Tloc           4%         N/A       95%         3
 Teleport Other           Tloc           4%         N/A       95%         3
 Petrify                  Tmut/Erth      18%        N/A       95%         4


Dungeon Overview and Level Annotations

Branches:
Dungeon (3/15)

Altars:


Innate Abilities, Weirdness & Mutations

You are immune to sickness and miasma.
Your stone body is resilient. (AC +3)
You are immune to poison.
You resist negative energy. (rN+)
You are resistant to electric shocks. (rElec)
You are resistant to unholy torment.
You are immune to petrification.


Message History

The gnoll hits you with a +0 club. The gnoll hits you but does no damage.
Casting: Sandblast (safe; 10% risk of failure)
Confirm with . or Enter, or press ? or * to list all spells.
Aiming: Sandblast (safe; 10% risk of failure)
Press: ? - help, Shift-Dir - straight line, f/p - gnoll shaman
Aim: a gnoll shaman, wielding a +0 whip and wearing a +0 leather armour (severely wounded, 82% to hit)
The blast of sand hits the gnoll shaman but does no damage.
The gnoll shaman is severely wounded.
You now have no stones remaining.
The gnoll shaman barely misses you.
The howler monkey skeleton barely misses you.
The gnoll hits you but does no damage. The gnoll closely misses you.
Casting: Sandblast (safe; 10% risk of failure)
Confirm with . or Enter, or press ? or * to list all spells.
You don't have any stones to cast with.
Unknown command.
Casting: Sandblast (safe; 10% risk of failure)
Confirm with . or Enter, or press ? or * to list all spells.
You don't have any stones to cast with.
You hit the gnoll shaman.
The gnoll shaman is severely wounded.
You barely miss the gnoll. You hit the howler monkey skeleton.
The gnoll shaman completely misses you.
The howler monkey skeleton closely misses you.
The gnoll hits you with a +0 club.
The gnoll hits you from afar with a +0 halberd!
It was a potion of brilliance.
You feel clever all of a sudden.
The gnoll shaman mumbles some strange prayers to its god against you.
You resist with almost no effort.
The howler monkey skeleton hits you but does no damage.
The gnoll hits you but does no damage. The gnoll completely misses you.
You hit the gnoll shaman.
The gnoll shaman is almost dead.
You closely miss the gnoll. You hit the howler monkey skeleton.
The gnoll shaman hits you with a +0 whip!
* * * LOW HITPOINT WARNING * * *
The howler monkey skeleton closely misses you.
The gnoll barely misses you. The gnoll completely misses you.
The gnoll shaman hits you with a +0 whip.
You die...

##.....#...
##...........
#............
#............
#............
#....g.......
#...gg.......
#.)@Z......(
##.....#...
#######


You could see a gnoll shaman, 2 gnolls and a howler monkey skeleton.

Vanquished Creatures
  An orc priest (D:3)
  A gnoll (D:5)
  An adder (D:3)
  A worm (D:2)
  3 dart slugs (D:1)
  4 orcs (D:3)
  6 bats
  4 endoplasms
  2 giant cockroaches
  4 goblins
  5 hobgoblins
  7 jackals
  A quokka (D:3)
  3 ball pythons (D:1)
  2 frilled lizards
  5 kobolds
  4 rats
54 creatures vanquished.

Notes
Turn   | Place    | Note
-------+----------+-------------------------------------------
     0 | D:1      | hikkokomori the Gargoyle Earth Elementalist began the quest
                  | for the Orb.
     0 | D:1      | Reached XP level 1. HP: 10/10 MP: 3/3
   521 | D:1      | Reached skill level 4 in Earth Magic
   521 | D:1      | Reached XP level 2. HP: 13/15 MP: 5/5
   924 | D:1      | Reached XP level 3. HP: 5/19 MP: 0/6
  2435 | D:2      | Found a faded altar of an unknown god.
  2620 | D:3      | Reached XP level 4. HP: 24/24 MP: 6/8
  2639 | D:3      | Reached skill level 5 in Earth Magic
  2780 | D:3      | You fall into a shaft and drop 2 floors!
  2780 | D:5      | Entered Level 5 of the Dungeon
  2794 | D:5      | HP: 1/24 [gnoll shaman (10)]
  2794 | D:5      | Slain by a gnoll shaman

Illustrated notes

Levels and vault maps discovered:
D:1:      amcnicky_arrival_gap_in_the_tavern_cellar, layout_loops_corners,
          minmay_octomino_e4
D:2:      layout_loops_ring, serial_glass, glass_columns_c, glass_columns_c,
          glass_columns_a, chequers_ecumenical_altar_simple
D:3:      layout_rooms, nicolae_overflow_hidden_temple, minmay_joined_circles
D:5:      layout_rooms, serial_shops, shop, minivault_11

Skill      XL: |  1  2  3  4 |
---------------+-------------+-----
Earth Magic    | 4 5 |  5.3
Spellcasting   | 3 |  3.5
Dodging        | |  1.5
Stealth        | |  2.1
Transmutations | |  0.7

Action                   |  1- 3 |  4- 6 || total
-------------------------+-------+-------++-------
Melee: Unarmed           |    12 |       ||    12
       Hand axe          |    55 |    11 ||    66
       Punch             |     1 |       ||     1
 Cast: Sandblast         |    33 |    15 ||    48
  Use: Potion            |       |     1 ||     1
 Stab: Sleeping          |     3 |       ||     3
Armor: Robe              |    27 |     1 ||    28
       Scale mail        |       |     8 ||     8
Dodge: Dodged            |    50 |    16 ||    66
